| TOP OF THE 1ST |
|
Chicago White Sox batting - Pitching for Houston Astros : RHP Moises Hernandez Jr.
|
|
Pitching: RHP Moises Hernandez Jr.
|
|
|
Batting: SHB Alfie Bungledorf
|
0-0: Called Strike 0-1: Foul Ball, location: 2F 0-2: Ball 1-2: Strikes out swinging, 2-3 out at first.
|
|
Batting: SHB Marvin McAleer
|
0-0: Called Strike 0-1: Ball 1-1: Foul Ball, location: 2F 1-2: SOLO HOME RUN (Flyball, 9LD, EV 100.0 MPH), Distance : 384 ft
|
|
Batting: RHB Joseph Disepolo
|
0-0: Ball 1-0: Called Strike 1-1: Ball 2-1: Ground out 5-3 (Groundball, 56, EV 105.6 MPH)
|
|
Batting: LHB Randy Rosenberry
|
0-0: SINGLE (Groundball, 15S, EV 70.0 MPH) (infield hit)
|
|
Batting: RHB Dietmar Warmisch
|
0-0: Ball Randy Rosenberry is caught stealing 2nd base 2-4
|
| Top of the 1st over - 1 run, 2 hits, 0 errors, 0 left on base; Chicago 1 - Houston 0 |
| BOTTOM OF THE 1ST |
|
Houston Astros batting - Pitching for Chicago White Sox : RHP Ricky Salas
|
|
Pitching: RHP Ricky Salas
|
|
|
Batting: RHB Jesse Scott
|
0-0: Called Strike 0-1: SINGLE (Line Drive, 6M, EV 100.0 MPH)
|
|
Batting: LHB Josh Corkery
|
0-0: Grounds into double play, 5-4-3 (Groundball, 56, EV 101.2 MPH)
|
|
Batting: LHB Jack Christie
|
0-0: Called Strike 0-1: Foul Ball, location: 2F 0-2: Strikes out looking
|
| Bottom of the 1st over - 0 runs, 1 hit, 0 errors, 0 left on base; Chicago 1 - Houston 0 |
| TOP OF THE 2ND |
|
Chicago White Sox batting - Pitching for Houston Astros : RHP Moises Hernandez Jr.
|
|
Batting: RHB Dietmar Warmisch
|
0-0: Ground out 5-3 (Groundball, 56, EV 88.8 MPH)
|
|
Batting: SHB Jonathan Jenkins
|
0-0: Called Strike 0-1: Ball 1-1: Called Strike 1-2: Foul Ball, location: 2F 1-2: Ball 2-2: Fly out, F8 (Flyball, 8LXD, EV 98.8 MPH)
|
|
Batting: RHB Dieter Knoops
|
0-0: Called Strike 0-1: Ball 1-1: Ball 2-1: DOUBLE (Flyball, 8RXD, EV 110.6 MPH)
|
|
Batting: LHB Sidney Pedder
|
0-0: Called Strike 0-1: Called Strike 0-2: Strikes out looking
|
| Top of the 2nd over - 0 runs, 1 hit, 0 errors, 1 left on base; Chicago 1 - Houston 0 |
| BOTTOM OF THE 2ND |
|
Houston Astros batting - Pitching for Chicago White Sox : RHP Ricky Salas
|
|
Batting: RHB Elijah Hunter
|
0-0: Ball 1-0: Fly out, F8 (Flyball, 78M, EV 83.8 MPH)
|
|
Batting: LHB Eric Katz
|
0-0: Ball 1-0: DOUBLE (Line Drive, 9LS, EV 102.5 MPH)
|
|
Batting: SHB Joe Gardner
|
0-0: Foul Ball, location: 2F 0-1: Foul Ball, location: 2F 0-2: Foul Ball, location: 2F 0-2: Strikes out looking
|
|
Batting: RHB Danny Merrill
|
0-0: Ball 1-0: Foul Ball, location: 2F 1-1: Swinging Strike 1-2: Strikes out swinging
|
| Bottom of the 2nd over - 0 runs, 1 hit, 0 errors, 1 left on base; Chicago 1 - Houston 0 |
| TOP OF THE 3RD |
|
Chicago White Sox batting - Pitching for Houston Astros : RHP Moises Hernandez Jr.
|
|
Batting: RHB Brad Boals
|
0-0: Called Strike 0-1: Ground out 6-3 (Groundball, P, EV 79.4 MPH)
|
|
Batting: SHB Alfie Bungledorf
|
0-0: Ball 1-0: Ball 2-0: Called Strike 2-1: Foul Ball, location: 2F 2-2: Ball 3-2: Fly out, F5 (Popup, 25, EV 90.6 MPH)
|
|
Batting: SHB Marvin McAleer
|
0-0: Ball 1-0: Ball 2-0: Ball 3-0: Called Strike 3-1: Swinging Strike 3-2: Foul Ball, location: 2F 3-2: Foul Ball, location: 2F 3-2: Strikes out looking
|
| Top of the 3rd over - 0 runs, 0 hits, 0 errors, 0 left on base; Chicago 1 - Houston 0 |
| BOTTOM OF THE 3RD |
|
Houston Astros batting - Pitching for Chicago White Sox : RHP Ricky Salas
|
|
Batting: RHB Mark Marks
|
0-0: Foul Ball, location: 2F 0-1: Ball 1-1: Ball 2-1: Foul Ball, location: 2F 2-2: Foul Ball, location: 2F 2-2: Strikes out swinging
|
|
Batting: LHB Jimmy Edlin
|
0-0: Ball 1-0: Called Strike 1-1: Foul Ball, location: 2F 1-2: Strikes out looking
|
|
Batting: RHB Jesse Scott
|
0-0: Fly out, F8 (Line Drive, 8RD, EV 85.6 MPH)
|
| Bottom of the 3rd over - 0 runs, 0 hits, 0 errors, 0 left on base; Chicago 1 - Houston 0 |
| TOP OF THE 4TH |
|
Chicago White Sox batting - Pitching for Houston Astros : RHP Moises Hernandez Jr.
|
|
Batting: RHB Joseph Disepolo
|
0-0: Ball 1-0: Foul Ball, location: 2F 1-1: Foul Ball, location: 2F 1-2: Ground out 6-3 (Groundball, 6MS, EV 86.2 MPH)
|
|
Batting: LHB Randy Rosenberry
|
0-0: Ball 1-0: Ball 2-0: Ground out 5-3 (Groundball, 56S, EV 67.5 MPH)
|
|
Batting: RHB Dietmar Warmisch
|
0-0: Ball 1-0: Foul Ball, location: 2F 1-1: Swinging Strike 1-2: Ball 2-2: Ball 3-2: Base on Balls
|
|
Batting: SHB Jonathan Jenkins
|
0-0: Ball 1-0: Swinging Strike 1-1: Ground out 4-3 (Groundball, 4, EV 105.6 MPH)
|
| Top of the 4th over - 0 runs, 0 hits, 0 errors, 1 left on base; Chicago 1 - Houston 0 |
| BOTTOM OF THE 4TH |
|
Houston Astros batting - Pitching for Chicago White Sox : RHP Ricky Salas
|
|
Batting: LHB Josh Corkery
|
0-0: Foul Ball, location: 2F 0-1: Swinging Strike 0-2: Strikes out swinging
|
|
Batting: LHB Jack Christie
|
0-0: Foul Ball, location: 2F 0-1: Called Strike 0-2: Ball 1-2: Strikes out looking
|
|
Batting: RHB Elijah Hunter
|
0-0: Called Strike 0-1: Ball 1-1: Called Strike 1-2: Ball 2-2: Ground out 6-3 (Groundball, 6, EV 76.9 MPH)
|
| Bottom of the 4th over - 0 runs, 0 hits, 0 errors, 0 left on base; Chicago 1 - Houston 0 |
| TOP OF THE 5TH |
|
Chicago White Sox batting - Pitching for Houston Astros : RHP Moises Hernandez Jr.
|
|
Batting: RHB Dieter Knoops
|
0-0: Swinging Strike 0-1: Ball 1-1: Swinging Strike 1-2: Foul Ball, location: 2F 1-2: Strikes out swinging
|
|
Batting: LHB Sidney Pedder
|
0-0: Ball 1-0: Called Strike 1-1: Foul Ball, location: 2F 1-2: Fly out, F9 (Flyball, 89S, EV 70.0 MPH)
|
|
Batting: RHB Brad Boals
|
0-0: Called Strike 0-1: Ball 1-1: Swinging Strike 1-2: Foul Ball, location: 2F 1-2: Fly out, F8 (Flyball, 8LXD, EV 85.6 MPH)
|
| Top of the 5th over - 0 runs, 0 hits, 0 errors, 0 left on base; Chicago 1 - Houston 0 |
| BOTTOM OF THE 5TH |
|
Houston Astros batting - Pitching for Chicago White Sox : RHP Ricky Salas
|
|
Batting: LHB Eric Katz
|
0-0: SOLO HOME RUN (Flyball, 9D, EV 107.5 MPH), Distance : 400 ft
|
|
Batting: SHB Joe Gardner
|
0-0: Foul Ball, location: 2F 0-1: Ball 1-1: Foul Ball, location: 2F 1-2: Foul Ball, location: 2F 1-2: Strikes out swinging
|
|
Batting: RHB Danny Merrill
|
0-0: Called Strike 0-1: Ball 1-1: Foul Ball, location: 2F 1-2: Strikes out looking
|
|
Batting: RHB Mark Marks
|
0-0: Ground out 6-3 (Groundball, 56, EV 78.8 MPH)
|
| Bottom of the 5th over - 1 run, 1 hit, 0 errors, 0 left on base; Chicago 1 - Houston 1 |
| TOP OF THE 6TH |
|
Chicago White Sox batting - Pitching for Houston Astros : RHP Moises Hernandez Jr.
|
|
Batting: SHB Alfie Bungledorf
|
0-0: Called Strike 0-1: Called Strike 0-2: Strikes out looking
|
|
Batting: SHB Marvin McAleer
|
0-0: Called Strike 0-1: Ball 1-1: Foul Ball, location: 2F 1-2: Ground out U3 (Groundball, 34, EV 89.4 MPH)
|
|
Batting: RHB Joseph Disepolo
|
0-0: Called Strike 0-1: Ground out 6-3 (Groundball, 6, EV 89.4 MPH)
|
| Top of the 6th over - 0 runs, 0 hits, 0 errors, 0 left on base; Chicago 1 - Houston 1 |
| BOTTOM OF THE 6TH |
|
Houston Astros batting - Pitching for Chicago White Sox : RHP Ricky Salas
|
|
Batting: LHB Jimmy Edlin
|
0-0: SINGLE (Line Drive, 8RS, EV 111.2 MPH)
|
|
Batting: RHB Jesse Scott
|
0-0: Foul Ball, location: 2F 0-1: Foul Ball, location: 2F 0-2: Ball Wild Pitch! Jimmy Edlin to second 1-2: SINGLE (Groundball, 6MD, EV 95.6 MPH) Jimmy Edlin to third
|
|
Batting: LHB Josh Corkery
|
0-0: Ball 1-0: Called Strike 1-1: Ball 2-1: SINGLE (Line Drive, 78M, EV 94.4 MPH) Jimmy Edlin scores Jesse Scott to second
|
|
Batting: LHB Jack Christie
|
0-0: Called Strike 0-1: Ball 1-1: Ball 2-1: Ball 3-1: Called Strike 3-2: Foul Ball, location: 2F 3-2: Foul Ball, location: 2F 3-2: Foul Ball, location: 2F 3-2: Base on Balls Jesse Scott to third Josh Corkery to second
|
|
Batting: RHB Elijah Hunter
|
0-0: Called Strike 0-1: Ball 1-1: Swinging Strike 1-2: Foul Ball, location: 2F 1-2: Ball 2-2: SINGLE (Line Drive, 6D, EV 95.6 MPH) Jesse Scott scores Josh Corkery to third Jack Christie to second
|
|
Batting: LHB Eric Katz
|
0-0: Ball 1-0: Ball 2-0: Called Strike 2-1: GRAND SLAM HOME RUN (Flyball, 7D, EV 96.2 MPH), Distance : 392 ft
|
|
Pitching: RHP Mike Willig
|
|
|
Batting: SHB Joe Gardner
|
0-0: Ball 1-0: Ground out U3 (Groundball, 34, EV 83.8 MPH)
|
|
Batting: RHB Danny Merrill
|
0-0: Called Strike 0-1: Foul Ball, location: 2F 0-2: Ground out 4-3 (Groundball, 34, EV 86.2 MPH)
|
|
Batting: RHB Mark Marks
|
0-0: Foul Ball, location: 2F 0-1: Foul Ball, location: 2F 0-2: Strikes out swinging
|
| Bottom of the 6th over - 6 runs, 5 hits, 0 errors, 0 left on base; Chicago 1 - Houston 7 |
| TOP OF THE 7TH |
|
Chicago White Sox batting - Pitching for Houston Astros : RHP Moises Hernandez Jr.
|
|
Batting: LHB Randy Rosenberry
|
0-0: Called Strike 0-1: Ball 1-1: Foul Ball, location: 2F 1-2: Foul Ball, location: 2F 1-2: Ball 2-2: Ball 3-2: Foul Ball, location: 2F 3-2: Foul Ball, location: 2F 3-2: Strikes out swinging
|
|
Batting: RHB Dietmar Warmisch
|
0-0: Ball 1-0: Swinging Strike 1-1: Ball 2-1: Ground out 5-3 (Groundball, 5S, EV 80.0 MPH)
|
|
Batting: SHB Jonathan Jenkins
|
0-0: Called Strike 0-1: Ball 1-1: SINGLE (Line Drive, 7S, EV 88.8 MPH)
|
|
Batting: RHB Dieter Knoops
|
0-0: Ball 1-0: Called Strike 1-1: Swinging Strike 1-2: Strikes out swinging
|
| Top of the 7th over - 0 runs, 1 hit, 0 errors, 1 left on base; Chicago 1 - Houston 7 |
| BOTTOM OF THE 7TH |
|
Houston Astros batting - Pitching for Chicago White Sox : RHP Mike Willig
|
|
Batting: LHB Jimmy Edlin
|
0-0: Ball 1-0: SINGLE (Groundball, 34D, EV 98.1 MPH)
|
|
Batting: RHB Jesse Scott
|
0-0: Called Strike 0-1: Ball 1-1: Ball 2-1: Grounds into double play, 6-4-3 (Groundball, 6, EV 81.9 MPH)
|
|
Batting: LHB Josh Corkery
|
0-0: Ground out 4-3 (Groundball, 4S, EV 79.4 MPH)
|
| Bottom of the 7th over - 0 runs, 1 hit, 0 errors, 0 left on base; Chicago 1 - Houston 7 |
| TOP OF THE 8TH |
|
Chicago White Sox batting - Pitching for Houston Astros : RHP Moises Hernandez Jr.
|
|
Pitching: RHP Dave Thomas
|
|
|
Batting: LHB Sidney Pedder
|
0-0: Ball 1-0: Called Strike 1-1: Swinging Strike 1-2: Ball 2-2: Ball 3-2: SOLO HOME RUN (Flyball, 89XD, EV 105.6 MPH), Distance : 411 ft
|
|
Batting: RHB Brad Boals
|
0-0: Foul Ball, location: 2F 0-1: Ball 1-1: Ground out 6-3 (Groundball, 6M, EV 86.2 MPH)
|
|
Batting: SHB Alfie Bungledorf
|
0-0: Swinging Strike 0-1: Foul Ball, location: 2F 0-2: Ball 1-2: Foul Ball, location: 2F 1-2: Ball 2-2: Foul Ball, location: 2F 2-2: Strikes out swinging
|
|
Batting: SHB Marvin McAleer
|
0-0: Foul Ball, location: 2F 0-1: Called Strike 0-2: Strikes out swinging
|
| Top of the 8th over - 1 run, 1 hit, 0 errors, 0 left on base; Chicago 2 - Houston 7 |
| BOTTOM OF THE 8TH |
|
Houston Astros batting - Pitching for Chicago White Sox : RHP Mike Willig
|
|
Batting: LHB Jack Christie
|
0-0: Ball 1-0: Called Strike 1-1: Fly out, F7 (Line Drive, 7, EV 105.6 MPH)
|
|
Pitching: RHP Riso Profanter
|
|
|
Batting: RHB Elijah Hunter
|
0-0: Swinging Strike 0-1: Foul Ball, location: 2F 0-2: Foul Ball, location: 2F 0-2: Strikes out swinging
|
|
Batting: LHB Eric Katz
|
0-0: SINGLE (Groundball, 25, EV 65.0 MPH) (infield hit)
|
|
Batting: SHB Joe Gardner
|
0-0: Called Strike 0-1: Swinging Strike 0-2: Strikes out swinging
|
| Bottom of the 8th over - 0 runs, 1 hit, 0 errors, 1 left on base; Chicago 2 - Houston 7 |
| TOP OF THE 9TH |
|
Chicago White Sox batting - Pitching for Houston Astros : RHP Dave Thomas
|
|
Batting: RHB Joseph Disepolo
|
0-0: Swinging Strike 0-1: Ball 1-1: Ball 2-1: SOLO HOME RUN (Flyball, 9D, EV 108.8 MPH), Distance : 393 ft
|
|
Batting: LHB Randy Rosenberry
|
0-0: Called Strike 0-1: SINGLE (Groundball, 4M, EV 98.8 MPH)
|
|
Batting: RHB Dietmar Warmisch
|
0-0: Ball 1-0: Foul Ball, location: 2F 1-1: Foul Ball, location: 2F 1-2: Foul Ball, location: 2F 1-2: Foul Ball, location: 2F 1-2: Ball 2-2: Foul Ball, location: 2F 2-2: SINGLE (Flyball, 7S, EV 90.0 MPH) Randy Rosenberry to second
|
|
Pitching: LHP Lance Crumpton
|
|
|
Batting: SHB Jonathan Jenkins
|
0-0: Ball 1-0: Ball 2-0: SINGLE (Groundball, 56, EV 80.6 MPH) (infield hit) Randy Rosenberry to third Dietmar Warmisch to second
|
|
Batting: RHB Dieter Knoops
|
0-0: Called Strike 0-1: Fly out, F7 (Flyball, 7S, EV 96.9 MPH)
|
|
Pinch Hitting: RHB Jon Solano
|
0-0: Called Strike 0-1: Swinging Strike 0-2: Ball 1-2: Ball 2-2: Foul Ball, location: 2F 2-2: Foul Ball, location: 2F 2-2: Ball 3-2: Base on Balls Randy Rosenberry scores Dietmar Warmisch to third Jonathan Jenkins to second
|
|
Batting: RHB Brad Boals
|
0-0: Called Strike 0-1: Called Strike 0-2: Ball 1-2: Strikes out looking
|
|
Batting: SHB Alfie Bungledorf
|
0-0: Ball 1-0: SINGLE (Flyball, 4D, EV 91.9 MPH) Dietmar Warmisch scores Jonathan Jenkins to third Jon Solano to second
|
|
Batting: SHB Marvin McAleer
|
0-0: Ball 1-0: Called Strike 1-1: Swinging Strike 1-2: Ball 2-2: SINGLE (Flyball, 5D, EV 90.0 MPH) Jonathan Jenkins scores Jon Solano to third Alfie Bungledorf to second Runner from 3rd tries for Home, SAFE, throw by LF to home
|
|
Batting: RHB Joseph Disepolo
|
0-0: Ball 1-0: Foul Ball, location: 2F 1-1: Swinging Strike 1-2: Strikes out looking
|
| Top of the 9th over - 5 runs, 6 hits, 0 errors, 2 left on base; Chicago 7 - Houston 7 |
| BOTTOM OF THE 9TH |
|
Houston Astros batting - Pitching for Chicago White Sox : RHP Riso Profanter
|
|
Now at C: Leo Navarro
|
|
|
Pinch Hitting: LHB Bryce Hill
|
0-0: Ball 1-0: Ball 2-0: SOLO HOME RUN (Flyball, 89XD, EV 102.5 MPH), Distance : 403 ft
|
| Bottom of the 9th over - 1 run, 1 hit, 0 errors, 0 left on base; Chicago 7 - Houston 8 |
|